Map: Ancient Cistern LE

Players

Hotfy

  • Race: Zerg Zerg
  • League: Diamond
  • Spawn Location: 1:00

Thunder - Winner!

  • Race: Terran Terran
  • League: Platinum
  • Spawn Location: 7:00

VOD

Have the link to the VOD?

Description

Time

  • Played on: March 13, 2023, 8:15 a.m.
  • Length: 11:55
Show
View Real Time Build Order
Export as new Build Order

Hotfy Zerg 

Build Orders: Hatch First 

Get SALT Encoding   

  12  0:00  Drone  
  13  0:12  Overlord  
  13  0:17  Drone  
  14  0:33  Drone  
  14  0:34  Drone  
  16  0:52  Drone  
  16  0:55  Hatchery, Drone  
  17  1:01  Drone  
  18  1:09  Extractor  
  17  1:15  Spawning Pool  
  17  1:17  Drone  
  17  1:21  Drone  
  18  1:29  Drone  
  19  1:57  Overlord  
  19  2:03  Queen  
  19  2:05  Zergling x2  
  19  2:07  Zergling x2  
  19  2:08  Queen  
  25  2:26  Roach Warren  
  23  2:53  Queen  
  23  2:55  Drone  
  26  3:05  Roach  
  26  3:06  Roach x4  
  35  3:35  Overlord  
  35  3:36  Overlord  
  35  3:40  Lair  
  35  3:41  Metabolic Boost  
  35  3:53  Hatchery  
  34  4:05  Ravager  
  35  4:18  Drone x8  
  35  4:19  Drone x2  
  45  4:37  Ravager  
  44  4:45  Extractor  
  44  4:50  Drone  
  44  4:51  Drone x5  
  49  4:55  Extractor  
  49  4:56  Extractor  
  37  5:15  Drone  
  37  5:16  Drone x4  
  42  5:26  Overlord x3  
  42  5:29  Overlord  
  42  5:30  Overlord  
  42  5:44  Drone x2  
  42  5:46  Drone  
  42  5:47  Drone  
  46  5:53  Zergling x8  
  50  5:59  Queen x3  
  56  6:08  Spire  
  55  6:12  Drone x2  
  55  6:13  Drone x4  
  55  6:18  Drone x4  
  65  6:44  Zergling x2  
  65  6:45  Zergling x20  
  76  6:57  Overlord x2  
  76  6:58  Overlord  
  76  7:08  Hatchery  
  75  7:09  Spore Crawler  
  74  7:24  Mutalisk  
  74  7:25  Mutalisk x7  
  74  7:27  Mutalisk  
  88  7:43  Zergling x2  
  85  7:44  Zergling x14  
  87  7:54  Roach, Baneling Nest  
  87  7:55  Roach  
  78  8:14  Zergling x12  
  84  8:26  Drone  
  86  8:27  Drone x3  
  88  8:34  Drone  
  88  8:35  Drone x3  
  92  8:45  Zergling x2  
  92  8:46  Zergling x6  
  94  9:03  Zergling x4  
  94  9:04  Zergling x16, Drone  
  94  9:05  Drone x4  
  109  9:11  Evolution Chamber  
  109  9:12  Evolution Chamber  
  109  9:15  Infestation Pit, Drone x4  
  110  9:17  Overlord x2  
  110  9:37  Overlord x3, Extractor  
  110  9:38  Zergling x2, Extractor  
  108  9:39  Zergling x14, Centrifugal Hooks  
  108  9:41  Overseer x2  
  116  9:46  Zerg Melee Weapons Level 1  
  116  9:47  Zerg Ground Armor Level 1  
  116  9:54  Baneling x7, Hydralisk Den  
  116  9:57  Baneling x5  
  116  9:58  Baneling  
  116  9:59  Extractor  
  114  10:01  Extractor  
  113  10:20  Drone x9  
  113  10:21  Drone  
  121  10:49  Zergling x24  
  134  10:50  Zergling x2  
  128  11:06  Zergling x2  
  128  11:07  Zergling x8  
  102  11:16  Baneling x5  
  101  11:19  Zergling x6  
  100  11:30  Zergling x2  
  100  11:31  Zergling x4  
Show
View Real Time Build Order
Export as new Build Order

Thunder Terran - Winner!

Build Orders: Reaper Expand 

Get SALT Encoding   

  12  0:00  SCV  
  13  0:12  SCV  
  14  0:18  Supply Depot  
  14  0:24  SCV  
  15  0:39  SCV  
  15  0:41  Barracks  
  16  0:46  Refinery  
  16  0:51  SCV  
  17  1:03  SCV  
  18  1:16  SCV  
  19  1:28  Orbital Command  
  19  1:29  Reaper  
  20  1:42  Command Center  
  20  1:52  Refinery  
  20  1:54  SCV  
  20  1:58  Supply Depot  
  21  2:04  Reaper  
  22  2:11  SCV  
  23  2:22  Factory  
  23  2:25  SCV  
  24  2:31  Barracks  
  24  2:47  SCV  
  24  2:48  Barracks Tech Lab  
  25  2:54  Barracks  
  25  2:59  SCV  
  25  3:00  Supply Depot  
  25  3:01  Orbital Command  
  26  3:18  SCV  
  27  3:20  Factory Reactor  
  27  3:21  Barracks Reactor  
  27  3:22  Stimpack  
  28  3:30  SCV  
  28  3:31  Marauder  
  28  3:32  SCV  
  31  3:38  Bunker  
  31  3:43  Barracks Tech Lab  
  31  3:44  SCV  
  31  3:45  SCV  
  33  3:54  Marauder  
  35  3:56  Widow Mine, SCV  
  35  3:57  SCV  
  35  3:58  Widow Mine  
  40  4:26  Orbital Command  
  38  4:38  Marauder x2  
  40  4:43  Marine x2  
  40  4:44  Widow Mine x2  
  46  5:08  Orbital Command  
  45  5:35  Starport  
  45  5:37  SCV x2  
  47  5:49  Barracks Tech Lab x2, SCV  
  48  5:55  SCV  
  49  6:00  Factory Tech Lab  
  49  6:01  SCV  
  50  6:04  Supply Depot  
  50  6:05  Supply Depot  
  50  6:07  SCV  
  50  6:09  Barracks  
  51  6:13  Command Center, SCV  
  51  6:15  Engineering Bay  
  51  6:17  Factory  
  52  6:19  SCV  
  52  6:20  Refinery  
  52  6:22  Refinery  
  52  6:25  SCV  
  54  6:26  Medivac x2  
  54  6:28  Supply Depot  
  54  6:29  Supply Depot  
  54  6:31  Marine x4  
  54  6:32  SCV  
  63  6:33  Concussive Shells, Combat Shield  
  63  6:35  Siege Tank  
  63  6:37  SCV  
  67  6:44  SCV  
  68  6:49  SCV, Marine  
  68  6:50  Terran Infantry Weapons Level 1  
  68  6:52  Marine x3  
  73  6:56  SCV  
  74  7:01  SCV  
  74  7:03  Factory Tech Lab  
  74  7:07  Siege Tank, Marine  
  74  7:08  SCV, Marine  
  81  7:10  Marine x3  
  84  7:20  SCV x2  
  86  7:24  Marine  
  86  7:25  Marine  
  86  7:28  Marine x3  
  90  7:32  SCV x2  
  92  7:42  Marine  
  92  7:43  Marine  
  90  8:11  Marauder x2, Marine x3  
  84  8:12  Medivac  
  84  8:13  Medivac  
  84  8:19  Missile Turret x2  
  83  8:21  Missile Turret x2  
  83  8:22  Missile Turret  
  83  8:23  Missile Turret  
  83  8:24  Missile Turret  
  83  8:25  Missile Turret  
  79  8:28  Marine x2  
  79  8:30  Missile Turret, Marine  
  79  8:32  Missile Turret x2, Marine  
  83  8:34  Missile Turret  
  83  8:37  Missile Turret  
  83  8:42  Marine  
  83  8:46  Marine  
  84  8:57  Orbital Command  
  84  9:01  Medivac x2  
  88  9:20  Marine  
  88  9:21  Marine x4  
  88  9:23  Siege Tank x2  
  99  9:31  Medivac x2  
  100  9:34  Missile Turret  
  100  9:36  Missile Turret  
  102  9:38  Marine  
  102  9:39  Marine x4  
  107  9:46  Orbital Command  
  107  9:56  Marine  
  107  9:57  Marine  
  109  10:00  Siege Tank, Marine x3  
  109  10:01  Supply Depot, Medivac  
  109  10:03  Supply Depot  
  109  10:04  Supply Depot  
  117  10:22  Marine x5  
  117  10:23  Siege Tank  
  117  10:26  Supply Depot  
  117  10:28  Supply Depot  
  125  10:35  Missile Turret  
  123  10:40  Marine x5  
  123  10:41  Siege Tank  
  129  10:49  Orbital Command, Refinery  
  129  10:52  Medivac x2  
  131  10:58  Marine x5  
  129  11:16  Marine x5  
  134  11:34  Marine  
Tags
 
Add a new tag
Caveats
  • Supply blocks, unpowered buildings, or Contaminate may cause inaccurate times.
  • Supply counts are checked every 10 seconds.